 Dungeon Crawl Stone Soup version 0.20-a0-837-g0f21a4d (webtiles) character file.

437 M4edhros the Magician (level 7, -5/43 HPs)
             Began as an Octopode Wizard on Mar 8, 2017.
             Slain by a river rat (7 damage)
             ... on level 4 of the Dungeon.
             The game lasted 00:08:17 (2839 turns).

M4edhros the Magician (Octopode Wizard)             Turns: 2839, Time: 00:08:17

Health: -5/43      AC:  1    Str:  6 (7)  XL:     7   Next: 1%
Magic:  1/13       EV: 13    Int: 24      God:
Gold:   103        SH:  0    Dex: 11 (12) Spells: 6/15 levels left

rFire    + . .     SeeInvis .   d - +2 hunting sling of Extremism {velocity, *Drain +Fly rN+} (curse)
rCold    . . .     Gourm    .   (no shield)
rNeg     + . .     Faith    .   a - +0 hat
rPois    .         Spirit   .   (no amulet)
rElec    .         Reflect  .   h - ring of wizardry
rCorr    .         Harm     .   p - +4 ring of intelligence
MR       .....                  r - ring of protection from fire
Stlth    +++.......             (no ring)
Regen    0.2/turn               (no ring)
MPRegen  0.2/turn               (no ring)
                                (no ring)
                                (no ring)

@: very slightly contaminated
A: almost no armour, stealthy swim, amphibious, 8 rings, constrict 8, camouflage
1, gelatinous body 1
a: Evoke Flight


You were on level 4 of the Dungeon.
You were not hungry.

You visited 1 branch of the dungeon, and saw 6 of its levels.

You collected 103 gold pieces.

Inventory:

Hand Weapons
 d - the cursed +2 hunting sling of Extremism (weapon) {velocity, *Drain +Fly rN+}
   (You found it on level 6 of the Dungeon)

   Any stone fired from it inflicts extra damage.
   It protects you from negative energy.
   It lets you fly.
   It causes draining when unequipped.
   It has a curse placed upon it.
 i - a +4 dagger of speed
Armour
 a - a +0 hat (worn)
Jewellery
 h - a ring of wizardry (left tentacle)
 p - a +4 ring of intelligence (right tentacle)
 r - a ring of protection from fire (on tentacle)
Scrolls
 f - a scroll of amnesia
 g - a scroll of teleportation
Potions
 n - 2 potions of degeneration
Books
 b - a book of Minor Magic

   Spells                             Type                      Level
   a - Magic Dart                     Conjuration                  1
   b - Blink                          Translocation                2
   c - Call Imp                       Summoning                    2
   d - Slow                           Hexes                        2
   e - Conjure Flame                  Conjuration/Fire             3
   f - Mephitic Cloud                 Conjuration/Poison/Air       3
Comestibles
 c - 3 bread rations
 k - 8 chunks of flesh
 t - a fruit


   Skills:
 + Level 1.3 Fighting
 + Level 2.7 Dodging
 - Level 2.6 Stealth
 * Level 4.6 Spellcasting
 * Level 4.0 Conjurations
 + Level 2.0 Summonings
   Level 1.0 Translocations
 * Level 2.2 Air Magic


You had 6 spell levels left.
You knew the following spells:

 Your Spells              Type           Power        Failure   Level  Hunger
a - Magic Dart            Conj           ###.         1%          1    None
b - Mephitic Cloud        Conj/Pois/Air  ###.....     6%          3    ##.....
c - Conjure Flame         Conj/Fire      ###.....     6%          3    ##.....
d - Call Imp              Summ           ###.....     3%          2    None


Dungeon Overview and Level Annotations

Branches:
Dungeon (6/15)
 Temple: D:4-7

Altars:
Elyvilon
The Shining One

Shops:
D:4 (


Innate Abilities, Weirdness & Mutations

You cannot wear most types of armour.
You are very stealthy in the water. (Stealth+)
You are amphibious.
You can wear up to eight rings at the same time.
You can use your tentacles to constrict eight enemies at once.
Your skin changes colour to match your surroundings (Stealth+).
Your rubbery body absorbs attacks. (AC +1, EV +1)


Message History

The magic dart hits the river rat.
The river rat is moderately wounded.
You constrict the river rat. The river rat bites you.
* * * LOW HITPOINT WARNING * * *
You clumsily bash the river rat but do no damage.
You squeeze the river rat, but do no damage.
The river rat is heavily wounded.
You constrict the river rat. The river rat barely misses you.
Unknown command.
You clumsily bash the river rat but do no damage.
Your squeeze misses the river rat.
The river rat is severely wounded.
You constrict the river rat, but do no damage.
The river rat bites you!
* * * LOW HITPOINT WARNING * * *
The river rat closely misses you.
You clumsily bash the river rat but do no damage.
The river rat is severely wounded.
You constrict the river rat. The river rat bites you!
You die...

#..# #8# #. #..##### ####.####.
#......# #.8.∩.8...
#.####.##############.........
####.####.(.....<.....(....8#####
.......#####...#...#######..#
.......# ##.........## ####
.......# #...........# ###
.......# #......@....# #.#
.......# #......r....# #.#
.......####.........## #.#
..........##.......## #.#
.....).##.....#..#### #.#
###..########.......#####.# ###
##..# ###.#.......#.#####.. #..#
#.##..###.......... #..## #.###.#
###.#####..


You could see a river rat.

Vanquished Creatures
  Duvessa (D:4)
  An ice beast (D:6)
  A phantom (D:4)
  Dowan (D:4)
  2 crimson imps (D:5)
  A hound skeleton (D:4)
  A gnoll (D:1)
  An adder (D:5)
  A river rat (D:5)
  A shadow imp (D:5)
  2 adder skeletons
  A worm (D:4)
  2 dart slugs (D:1)
  A leopard gecko (D:1)
  8 orcs
  2 giant cockroaches
  5 hobgoblins
  3 jackals
  5 bats (D:1)
  2 frilled lizards
  6 goblins
  4 kobolds
  A leopard gecko skeleton (D:4)
  A quokka skeleton (D:5)
  5 rats
59 creatures vanquished.

Vanquished Creatures (collateral kills)
  An adder (D:5)
1 creature vanquished.

Grand Total: 60 creatures vanquished

Notes
Turn   | Place    | Note
-------+----------+-------------------------------------------
     0 | D:1      | M4edhros the Octopode Wizard began the quest for the Orb.
     0 | D:1      | Reached XP level 1. HP: 11/11 MP: 4/4
   112 | D:1      | Reached XP level 2. HP: 16/17 MP: 0/6
   481 | D:1      | Reached XP level 3. HP: 19/21 MP: 4/7
   921 | D:1      | Learned a level 3 spell: Mephitic Cloud
   925 | D:1      | Learned a level 3 spell: Conjure Flame
   928 | D:1      | Learned a level 2 spell: Call Imp
  1449 | D:4      | Noticed Duvessa
  1520 | D:4      | Found Wavesoxi's Weapon Boutique.
  1535 | D:4      | Reached XP level 4. HP: 27/27 MP: 3/9
  1603 | D:4      | Noticed Dowan
  1618 | D:4      | Killed Dowan
  1700 | D:4      | Killed Duvessa
  1700 | D:4      | Reached skill level 1 in Air Magic
  1700 | D:4      | Reached XP level 5. HP: 14/32 MP: 1/11
  1906 | D:4      | Noticed a phantom
  2075 | D:4      | Killed a phantom
  2075 | D:4      | Reached skill level 1 in Fighting
  2219 | D:4      | Reached XP level 6. HP: 27/38 MP: 12/12
  2339 | D:5      | Entered Level 5 of the Dungeon
  2466 | D:6      | Found a glowing golden altar of the Shining One.
  2466 | D:6      | Found a white marble altar of Elyvilon.
  2486 | D:6      | Noticed an ice beast
  2536 | D:6      | Killed an ice beast
  2621 | D:6      | Got a crude hunting sling
  2622 | D:6      | Identified the cursed +2 hunting sling of Extremism {velocity, *Drain +Fly rN+} (You found it on level 6 of the Dungeon)
  2814 | D:5      | Reached XP level 7. HP: 22/43 MP: 4/13
  2838 | D:4      | HP: 2/43 [river rat (7)]
  2839 | D:4      | Slain by a river rat

Vault maps used:
D:1:      minmay_arrival_solitary_statue
D:2:      lemuel_coloured_pillars_altar
D:3:      serial_undead, serial_undead_f, serial_undead_d, serial_undead_f,
          serial_undead_d, nemelex_spade_bored_becter
D:4:      serial_shops, nicolae_shop_statue_plus, uniq_duvessa
D:5:      nicolae_overflow_crystal_walls, first_bread, portal_sewer_entry_e,
          kennysheep_generic_room_10
D:6:      lemuel_crystal_altar, overflow_temple_1_default,
          lemuel_blue_sif_altar, chequers_temple_overflow_statue_of_worship,
          minmay_temple_entry_large_hall

Skill      XL: |  1  2  3  4  5  6 |
---------------+-------------------+-----
Conjurations   | 2 3 4 |  4.0
Spellcasting   | 4 |  4.6
Air Magic      | 1 2 |  2.2
Fighting       | 1 |  1.3
Summonings     | 2 |  2.0
Dodging        | |  2.7
Stealth        | |  2.6
Translocations | |  1.0

Action                   |  1- 3 |  4- 6 |  7- 9 || total
-------------------------+-------+-------+-------++-------
Melee: Unarmed           |    21 |       |       ||    21
       Tentacles         |     5 |     9 |     1 ||    15
       Constrict         |     8 |    15 |     1 ||    24
       Dagger            |    10 |    67 |       ||    77
       Hunting sling     |       |    18 |     5 ||    23
 Cast: Magic Dart        |    74 |    36 |     2 ||   112
       Call Imp          |       |    18 |       ||    18
       Mephitic Cloud    |       |     5 |     1 ||     6
       Conjure Flame     |       |     2 |       ||     2
  Use: Scroll            |       |     9 |       ||     9
       Potion            |       |     5 |     1 ||     6
 Stab: Confused          |       |     1 |       ||     1
       Distracted        |       |     1 |       ||     1
       Sleeping          |       |     1 |       ||     1
  Eat: Chunk             |     2 |     1 |       ||     3
       Meat ration       |       |     1 |       ||     1
Armor: Skin              |     3 |    10 |     1 ||    14
Dodge: Dodged            |    22 |    44 |     4 ||    70
